 Dungeon Crawl Stone Soup version 0.31.0-9-g3a7656b989 (webtiles) character file.

Game seed: 10303488560658252280

432 qw the Shooter (level 6, -1/32 HPs)
             Began as a Spriggan Hunter on Feb 2, 2024.
             Slain by a gnoll
             ... wielding a +0 whip
             ... led by a gnoll bouda
              (5 damage)
             ... on level 5 of the Dungeon.
             The game lasted 00:00:12 (3545 turns).

qw the Shooter (Spriggan Hunter)                    Turns: 3545, Time: 00:00:13

Health: -1/32      AC:  4    Str:  7    XL:     6   Next: 67%
Magic:  7/7        EV: 21    Int: 11    God:
Gold:   26         SH:  0    Dex: 20    Spells: 5/5 levels left

rFire   . . .        a - +0 shortbow (drain)
rCold   . . .        (shield currently unavailable)
rNeg    . . .        m - +2 robe
rPois   .            (helmet restricted)
rElec   .            (no cloak)
rCorr   .            (gloves unavailable)
SInv    +            (boots unavailable)
Will    ++...        (no amulet)
Stlth   ++           j - ring of willpower
HPRegen 0.25/turn    (no ring)
MPRegen 0.10/turn

%: no passive effects
@: about to teleport, weakened, very quick
A: very small, no large weapons, unfitting armour, see invisible, speed 3
a: no special abilities


You were on level 5 of the Dungeon.
You visited 1 branch of the dungeon, and saw 5 of its levels.

You collected 217 gold pieces.
You spent 191 gold pieces at shops.


Innate Abilities, Weirdness & Mutations

You are very small and have problems with some larger weapons.
You are too small for most types of armour.
You have supernaturally acute eyesight. (SInv)
You cover ground extremely quickly. (Speed+++)


   Skills:
 - Level 2.4 Fighting
 + Level 6.4 Ranged Weapons
 - Level 6.1 Dodging
 - Level 1.5 Stealth


You had 5 spell levels left.
You didn't know any spells.
Your spell library was empty.

Inventory:

Hand Weapons
 a - a +0 shortbow of draining (weapon)
 k - a +3 sling of draining
Armour
 m - a +2 robe (worn)
Jewellery
 j - a ring of willpower (left hand)
Scrolls
 l - 2 scrolls of teleportation
Potions
 d - a potion of resistance
 e - a potion of lignification {unknown}
 f - a potion of heal wounds {unknown}
 g - a potion of attraction {unknown}
 h - a potion of cancellation {unknown}
 i - a potion of brilliance {unknown}

Dungeon Overview and Level Annotations

Branches:
Dungeon (5/15)
 Temple: D:4-7

Altars:
Gozag
Sif Muna
Wu Jian
Xom
Yredelemnul

Shops:
D:4 =[(*

Annotations:
D:5 2 transporters, qw's ghost, novice DEHu


Message History

The arrow hits the phantom but does no damage.
The phantom is heavily damaged.
The gnoll closely misses you. The orc hits you with a +0 hand axe.
The phantom barely misses you.
You shoot an arrow. The arrow hits the phantom.
The phantom is severely damaged.
The gnoll completely misses you. The orc completely misses you.
The gnoll bouda gazes fiercely through you!
You feel as though you will be weak longer.
The phantom hits you but does no damage.
You shoot an arrow. The arrow closely misses the phantom.
The gnoll barely misses you. The orc barely misses you.
The phantom closely misses you.
You shoot an arrow.
The arrow completely misses the phantom.
The gnoll completely misses you. The orc completely misses you.
The phantom completely misses you.
You shoot an arrow. The arrow closely misses the phantom.
The gnoll completely misses you. The orc hits you but does no damage.
The phantom hits you but does no damage.
You shoot an arrow. The arrow closely misses the phantom.
The gnoll closely misses you. The orc closely misses you.
Qw's ghost whispers, "It is all a dream - a grotesque and foolish dream."
The phantom misses you. The gnoll closely misses you.
You shoot an arrow. The arrow hits the phantom.
The phantom is almost destroyed.
The gnoll bouda barks out a call to the hunt!
The gnoll picks up the pace!
The orc misses you. The phantom completely misses you. The gnoll misses you.
You shoot an arrow. The arrow barely misses the phantom.
The orc closely misses you. The phantom misses you.
The gnoll hits you with a +0 whip! The orc hits you but does no damage.
You shoot an arrow. The arrow barely misses the phantom.
The phantom hits you! The gnoll hits you with a +0 whip. The orc misses you.
The phantom barely misses you.
3545 ||| READING 3 scrolls of teleportation.
As you read the scroll of teleportation, it crumbles to dust.
You feel strangely unstable. The gnoll hits you with a +0 whip.
You die...

#............................
.....#.####.####........)....
..##...# #.# #....g.W...^..
.####..# #.## #oog####### .#
##.# #..## #..##8..... .# #.#
##..# #..#f...... .# #.###
##.#####..#W......
.#####...####.##ogo).#5......
.#.....<...>...W@##..#o...^..
##.....#.####..####..#.......
#.....#.# ##.# #..#.......
#.....#.# #.. #..#......
#######.. .... ...##8.!=$ ...
###. #...##### .###
#.........^ #


You could see a phantom, a sleepcap, qw's ghost, a gnoll (swift), a white imp
and 2 orcs.

Vanquished Creatures
  Duvessa (D:4)
  A phantom (D:4)
  Dowan (D:4)
  2 bombardier beetles (D:3)
  An orc wizard (D:4)
  4 gnolls (D:5)
  2 adders
  A dart slug (D:2)
  6 orcs
  4 endoplasms
  A giant cockroach (D:4)
  6 goblins
  4 hobgoblins
  5 quokkas
  6 ball pythons
  4 bats
  5 frilled lizards
  7 kobolds
  6 rats
67 creatures vanquished.

Notes
Turn   | Place    | Note
-------+----------+-------------------------------------------
     0 | D:1      | qw the Spriggan Hunter began the quest for the Orb.
     0 | D:1      | Reached XP level 1. HP: 10/10 MP: 2/2
     0 | D:1      | 0 ||| qw: Version: 0.3-a-155-g5e7d8dd
     0 | D:1      | 0 ||| qw: Game counter: 1514
     0 | D:1      | 0 ||| qw: Melee chars always use a shield: true
     0 | D:1      | 0 ||| qw: God list: Okawaru
     0 | D:1      | 0 ||| qw: Allow faded altars: false
     0 | D:1      | 0 ||| qw: Do Orc after clearing Dungeon:15 true
     0 | D:1      | 0 ||| qw: Do second Lair branch before Depths: true
     0 | D:1      | 0 ||| qw: Lair rune preference: random
     0 | D:1      | 0 ||| qw: Goals: Normal
     0 | D:1      | 0 ||| PLANNING D:1-11
   208 | D:1      | Reached skill level 3 in Dodging
   370 | D:1      | Found a faded altar of an unknown god.
   678 | D:1      | 678 ||| UPGRADING to ring of willpower.
   679 | D:1      | 679 ||| READING scroll labelled WORURI DOPH.
   680 | D:1      | 680 ||| READING scroll labelled BAIVAU AXZIU.
   681 | D:1      | 681 ||| DRINKING 2 dark potions.
   682 | D:1      | 682 ||| DRINKING 2 murky silvery potions.
   787 | D:1      | 787 ||| DROPPING scroll of butterflies.
   788 | D:1      | 788 ||| DROPPING potion of degeneration.
   789 | D:1      | 789 ||| DROPPING potion of berserk rage.
   838 | D:2      | Reached XP level 2. HP: 12/14 MP: 3/3
  1295 | D:2      | Found a basalt altar of Yredelemnul.
  1359 | D:2      | 1359 ||| READING scroll labelled ERHOUN MOTWI.
  1360 | D:2      | 1360 ||| READING 2 scrolls labelled KANTIS YDAURYU.
  1361 | D:2      | 1361 ||| READING scroll labelled MUNYEW UV KOE.
  1362 | D:2      | 1362 ||| READING scroll labelled TUBUESEEDY.
  1362 | D:2      | 1362 ||| BRANDING +0 shortbow.
  1363 | D:2      | 1363 ||| READING scroll labelled CAUGHI TIRULILOA.
  1366 | D:2      | 1366 ||| DROPPING scroll of fear.
  1400 | D:3      | Reached XP level 3. HP: 18/18 MP: 4/4
  1423 | D:3      | Found a shimmering blue altar of Sif Muna.
  1597 | D:3      | Found an ornate altar of the Wu Jian Council.
  1919 | D:3      | Found a shimmering altar of Xom.
  1993 | D:3      | Reached XP level 4. HP: 22/22 MP: 5/5
  2186 | D:3      | 2186 ||| READING scroll labelled KULIDU TED CIA.
  2287 | D:3      | 2287 ||| READING scroll labelled NOIMENTEAGE.
  2287 | D:3      | 2287 ||| IDENTIFYING sedimented red potion
  2414 | D:4      | Reached XP level 5. HP: 24/25 MP: 6/6
  2430 | D:4      | Found an opulent altar of Gozag.
  2462 | D:4      | Noticed Dowan
  2464 | D:4      | Noticed Duvessa
  2465 | D:4      | 2465 ||| DRINKING potion of haste.
  2469 | D:4      | Killed Dowan
  2476 | D:4      | HP: 6/27 [Duvessa/+0 short sword (5)]
  2477 | D:4      | 2477 ||| READING 3 scrolls of teleportation.
  2497 | D:4      | Killed Duvessa
  2498 | D:4      | Reached skill level 6 in Ranged Weapons
  2498 | D:4      | Reached XP level 6. HP: 11/32 MP: 7/7
  2599 | D:4      | Reached skill level 6 in Dodging
  2659 | D:4      | Found Otuil's Jewellery Boutique.
  2662 | D:4      | 2662 ||| SHOPLISTING +6 ring of strength (360 gold, have
                  | 180).
  2662 | D:4      | 2662 ||| SHOPLISTING amulet of guardian spirit (300 gold,
                  | have 180).
  2662 | D:4      | 2662 ||| SHOPLISTING amulet of regeneration (300 gold, have
                  | 180).
  2662 | D:4      | 2662 ||| SHOPLISTING ring of ice (250 gold, have 180).
  2662 | D:4      | 2662 ||| SHOPLISTING ring of protection from cold (250
                  | gold, have 180).
  2662 | D:4      | 2662 ||| SHOPLISTING ring of protection from fire (250
                  | gold, have 180).
  2663 | D:4      | Found Oloc's Magic Scroll Shoppe.
  2677 | D:4      | Found Atips's Armour Shop.
  2876 | D:4      | Found Ullazeno's Weapon Shoppe.
  3319 | D:4      | Found Piuwnof's General Store.
  3323 | D:4      | 3323 ||| BUYING +2 robe (165 gold).
  3323 | D:4      | Bought a +2 robe for 165 gold pieces
  3323 | D:4      | 3323 ||| SHOPLISTING potion of resistance (130 gold, have
                  | 46).
  3323 | D:4      | 3323 ||| BUYING scroll of identify (26 gold).
  3323 | D:4      | Bought a scroll of identify for 26 gold pieces
  3323 | D:4      | 3323 ||| SHOPLISTING wand of quicksilver (2) (109 gold,
                  | have 20).
  3386 | D:4      | 3386 ||| UPGRADING to +2 robe.
  3396 | D:4      | 3396 ||| DROPPING +0 robe.
  3397 | D:4      | 3397 ||| READING scroll of identify.
  3397 | D:4      | 3397 ||| IDENTIFYING viscous grey potion
  3398 | D:4      | 3398 ||| READING scroll labelled INYPPE LOLUEPH.
  3398 | D:4      | 3398 ||| ENCHANTING +0 shortbow of draining.
  3439 | D:5      | Entered Level 5 of the Dungeon
  3486 | D:5      | Found a transporter.
  3492 | D:5      | Found a transporter.
  3492 | D:5      | Noticed qw's ghost (novice DEHu)
  3499 | D:5      | 3499 ||| RETREEEEATING.
  3508 | D:5      | 3508 ||| RETREEEEATING.
  3510 | D:5      | 3510 ||| RETREEEEATING.
  3514 | D:5      | 3514 ||| RETREEEEATING.
  3515 | D:5      | 3515 ||| RETREEEEATING.
  3544 | D:5      | HP: 4/32 [phantom (7)]
  3545 | D:5      | 3545 ||| READING 3 scrolls of teleportation.
  3545 | D:5      | Slain by a gnoll

Levels and vault maps discovered:
D:1:      lemuel_arrival_broad_hall, layout_loops_ring,
          shapermc_ecumenical_altar_mp_vishouse
D:2:      layout_loops_ring, basic_altar, dreamdust_princess_corridor,
          grunt_decor_mini_mirrors
D:3:      layout_basic, mainiacjoe_overflow_concentric_impassable,
          xom_butterflies, mainiacjoe_overflow_boulevard, minmay_three_crescents
D:4:      layout_basic, nicolae_gozag_cash_rules_everything_around_me,
          serial_shops, nicolae_shop_hallway_plus, shop, nicolae_shop_peninsula,
          nicolae_shop_window_shopping, shop, kennysheep_flooded_box,
          uniq_duvessa
D:5:      layout_rooms, mainiacjoe_overflow_small_starburst,
          gammafunk_ghost_arena

Skill      XL: |  1  2  3  4  5  6 |
---------------+-------------------+-----
Dodging        | 3 4 5 6 |  6.1
Ranged Weapons | 5 6 |  6.4
Fighting       | 2 |  2.4
Stealth        | |  1.5

Action                     |  1- 3 |  4- 6 || total
---------------------------+-------+-------++-------
   Fire: Shortbow          |   105 |   106 ||   211
    Use: Scroll            |     7 |     6 ||    13
         Potion            |     2 |     1 ||     3
 Armour: Robe              |     6 |    23 ||    29
  Dodge: Dodged            |    31 |    85 ||   116

Table legend:
 A = Non-vault XP
 B = Vault XP
 C = Vault XP percentage of total XP
 D = Non-vault monster count
 E = Vault monster count
 F = Vault count percentage of total count
                 A         B        C        D         E       F
            +---------+---------+-------+---------+---------+-------
      Total |     309 |     309 |  50.0 |      59 |       8 |  11.9
            +---------+---------+-------+---------+---------+-------
        D:1 |      11 |       0 |   0.0 |       8 |       0 |   0.0
        D:2 |      29 |       0 |   0.0 |      11 |       0 |   0.0
        D:3 |      38 |      95 |  71.4 |      16 |       6 |  27.3
        D:4 |     163 |     214 |  56.8 |      16 |       2 |  11.1
        D:5 |      68 |       0 |   0.0 |       8 |       0 |   0.0
            +---------+---------+-------+---------+---------+-------
